 Dungeon Crawl Stone Soup version 0.29-a0-721-g7f417c9bbb (webtiles) character file.

Game seed: 2742655865539472149

7 blackman the Sneak (level 2, 0/24 HPs)
             Began as a Human Delver on June 28, 2022.
             Slain by an iguana (6 damage)
             ... on level 5 of the Dungeon.
             The game lasted 00:00:49 (311 turns).

blackman the Sneak (Human Delver)                    Turns: 311, Time: 00:00:50

Health: 0/24       AC:  8    Str: 12    XL:     2   Next: 10%
Magic:  2/2        EV:  5    Int: 10    God:
Gold:   12         SH:  0    Dex: 14    Spells: 1/1 levels left

rFire   . . .      SeeInvis .   a - +0 hand axe
rCold   . . .      Faith    .   (no shield)
rNeg    . . .      Spirit   .   i - +0 chain mail
rPois   .          Reflect  .   (no helmet)
rElec   .          Harm     .   (no cloak)
rCorr   .          Rampage  .   (no gloves)
Will    .....                   (no boots)
Stlth   ..........              (no amulet)
HPRegen 0.08/turn               (no ring)
MPRegen 0.08/turn               (no ring)

@: no status effects
A: no striking features
a: no special abilities


You were on level 5 of the Dungeon.
You visited 1 branch of the dungeon, and saw 1 of its levels.

You collected 12 gold pieces.

Inventory:

Hand Weapons
 a - a +0 hand axe (weapon)
Armour
 b - a +0 leather armour
 i - a +0 chain mail (worn)
Jewellery
 j - a ring of protection from fire
Wands
 g - a wand of digging (3)
Scrolls
 c - 2 scrolls of fog
 d - a scroll of silence {unknown}
 e - a scroll of fear
Potions
 f - a potion of haste
 h - a potion of curing {unknown}


   Skills:
 - Level 3.0 Fighting
 + Level 2.7 Axes
 - Level 2.0 Dodging
 - Level 5.0 Stealth


You had one spell level left.
You didn't know any spells.
Your spell library was empty.

Dungeon Overview and Level Annotations

Branches:
Dungeon (5/15)
 Temple: D:4-7

Altars:


Message History

The shadow imp is severely wounded.
The shadow imp hits you but does no damage.
You hit the shadow imp.
The shadow imp is almost dead.
The shadow imp hits you.
You hit the shadow imp.
You kill the shadow imp!
You have reached level 2!
You start resting.
HP restored.
You start waiting.
An iguana comes into view.
An iguana is nearby!
Found an encrusted ruby ring.
j - a ring of protection from fire
There are no items here.
The iguana hisses angrily.
Unknown command.
You hit the iguana but do no damage. The iguana bites you!
You barely miss the iguana. The iguana bites you.
You hit the iguana but do no damage.
The iguana bites you but does no damage.
The iguana bites you.
You hit the iguana but do no damage. The iguana completely misses you.
You closely miss the iguana. The iguana barely misses you.
You hit the iguana.
The iguana is lightly wounded.
The iguana bites you.
* * * LOW HITPOINT WARNING * * *
You hit the iguana but do no damage.
The iguana is lightly wounded.
The iguana barely misses you.
You hit the iguana.
The iguana is moderately wounded.
The iguana bites you but does no damage.
You hit the iguana.
The iguana is moderately wounded.
The iguana bites you but does no damage.
The iguana bites you.
You die...

#...........#******,,,*
#.....####..# **##..,****
#.....# #..####.....,,,,*****
###.#.# #...........,,,^,,,,*
###.#.# ##.#.##,,,,,,,,,,,,,*
#...#.####.....#,*,,,,,,,,,,,*
#.###......#.#.#,*,,,,,,,,,,,,
#.# ######.....#,*,,,,,,,,,,,*
#.# ****##.#@##,*,,,,,,,,,,,*
#.# *,,,...#l#*,,,*,*,,,,,,,,
#.# *,*#####.#***,*,**,,,*,,,
#.# *,* #.# **,*,**,,,*,** #.#
*,* **#.#**,,,,**,,,*,* #.#
*,* #..........,,,,,*,* #.#
*,# *#.#.###....**,,**,**
#.####.###.....,,,,..,,,,**,,,
#..............,,,,,,,,,,**,**


You could see an iguana.

Vanquished Creatures
  A shadow imp (D:5)
1 creature vanquished.

Notes
Turn   | Place    | Note
-------+----------+-------------------------------------------
     0 | D:5      | blackman the Human Delver began the quest for the Orb.
     0 | D:5      | Reached XP level 1. HP: 18/18 MP: 1/1
    77 | D:5      | Reached XP level 2. HP: 12/24 MP: 2/2
   311 | D:5      | Slain by an iguana

Illustrated notes

Levels and vault maps discovered:
D:5:      layout_loops_ring

Action                   || total
-------------------------++-------
Melee: Hand axe          ||    17
  Use: Scroll            ||     1
Armor: Chain mail        ||    10
Dodge: Dodged            ||     4

Table legend: (Time is in decaauts)
 A = Elapsed time spent in this place.
 B = Non-inter-level travel time spent in this place.
 C = Inter-level travel time spent in this place.
 D = Time resting spent in this place.
 E = Time spent auto-exploring this place.
 F = Levels seen in this place.
 G = Mean time per level.
                   A        B        C        D        E       F      G
               +--------+--------+--------+--------+--------+-----+--------+
         Total |    313 |    295 |     18 |    186 |      0 |   1 |  313.0 |
       Dungeon |    313 |    295 |     18 |    186 |      0 |   1 |  313.0 |
               +--------+--------+--------+--------+--------+-----+--------+

Top non-repeatable levels by time:
     D:5: 313 daAuts
